Map: Jagannatha LE

Players

goblin

  • Race: Protoss Protoss
  • League: Grandmaster
  • Spawn Location: 1:00

MarineLorD - Winner!

  • Race: Terran Terran
  • League: Master
  • Spawn Location: 7:00

Event: DreamHack SC2 Masters 2020 Winter

VOD

Have the link to the VOD?

Description

Time

  • Played on: Oct. 31, 2020, 12:04 p.m.
  • Length: 20:47

All games in this series

Show
View Real Time Build Order
Export as new Build Order

goblin Protoss 

Build Orders: 1 Gate Expand, Phoenix Opening, Carriers 

Get SALT Encoding   

  12  0:00  Probe  
  13  0:12  Probe  
  14  0:17  Pylon  
  14  0:24  Probe (Chrono Boost)  
  16  0:37  Gateway, Probe (Chrono Boost)  
  16  0:42  Probe (Chrono Boost)  
  16  0:46  Assimilator  
  17  0:52  Probe  
  18  1:04  Probe  
  19  1:20  Probe  
  19  1:24  Cybernetics Core  
  20  1:33  Nexus  
  20  1:39  Pylon  
  20  1:44  Probe  
  21  1:48  Assimilator  
  21  1:56  Probe  
  21  1:57  Adept (Chrono Boost)  
  24  2:08  Probe  
  25  2:20  Probe  
  25  2:22  Stargate  
  25  2:23  Stalker (Chrono Boost)  
  27  2:32  Probe  
  27  2:35  Warp Gate  
  28  2:45  Stalker  
  28  2:48  Probe x2 (Chrono Boost)  
  32  2:58  Probe (Chrono Boost)  
  34  3:00  Probe (Chrono Boost)  
  34  3:03  Probe (Chrono Boost)  
  35  3:06  Phoenix  
  35  3:08  Probe  
  35  3:09  Shield Battery  
  38  3:16  Probe  
  39  3:20  Pylon, Probe  
  40  3:30  Probe  
  40  3:31  Phoenix (Chrono Boost)  
  40  3:33  Probe  
  44  3:42  Probe  
  44  3:45  Probe  
  44  3:47  Phoenix (Chrono Boost)  
  46  3:55  Probe  
  49  3:57  Probe  
  49  4:01  Pylon  
  50  4:07  Probe  
  50  4:09  Phoenix (Chrono Boost), Probe  
  54  4:17  Assimilator  
  54  4:18  Assimilator  
  54  4:19  Robotics Facility, Probe  
  54  4:21  Probe  
  55  4:28  Gateway  
  55  4:30  Gateway  
  55  4:31  Probe  
  56  4:33  Probe  
  56  4:37  Shield Battery  
  57  4:38  Phoenix  
  57  4:43  Probe  
  57  4:45  Probe  
  61  4:55  Probe  
  62  5:03  Pylon x2, Probe  
  62  5:13  Robotics Bay  
  62  5:18  Nexus  
  62  5:21  Phoenix, Probe x2  
  66  5:23  Pylon  
  66  5:27  Observer (Chrono Boost)  
  67  5:33  Probe x2  
  69  5:39  Pylon, Observer (Chrono Boost)  
  70  5:45  Probe  
  70  5:46  Phoenix  
  70  5:48  Probe  
  74  5:54  Zealot x2  
  78  5:57  Probe  
  78  6:01  Pylon  
  78  6:02  Colossus (Chrono Boost)  
  79  6:08  Probe, Protoss Air Weapons Level 1  
  79  6:10  Probe  
  79  6:11  Phoenix  
  89  6:18  Pylon  
  89  6:19  Sentry  
  89  6:21  Probe  
  89  6:22  Probe  
  93  6:27  Extended Thermal Lance  
  93  6:30  Probe  
  94  6:33  Observer, Probe  
  94  6:34  Probe  
  96  6:45  Colossus (Chrono Boost)  
  102  6:52  Gateway x2  
  102  6:54  Gateway  
  102  6:59  Twilight Council  
  102  7:03  Gateway  
  102  7:04  Gateway  
  102  7:05  Phoenix, Pylon  
  104  7:16  Zealot  
  104  7:17  Zealot  
  104  7:18  Probe x3  
  104  7:20  Assimilator x2  
  104  7:22  Pylon  
  111  7:23  Colossus (Chrono Boost)  
  117  7:30  Probe x2  
  117  7:31  Charge (Chrono Boost)  
  117  7:34  Stalker  
  121  7:39  Stalker, Zealot  
  125  7:51  Phoenix (Chrono Boost)  
  119  7:55  Probe x2  
  119  7:57  Observer  
  123  7:59  Shield Battery  
  123  8:00  Pylon  
  123  8:01  Zealot  
  123  8:02  Stalker x2, Zealot x2  
  123  8:03  Phoenix (Chrono Boost)  
  133  8:09  Pylon, Observer  
  135  8:13  Warp Prism (Chrono Boost)  
  135  8:16  Pylon  
  137  8:22  Stalker x2, Phoenix  
  143  8:32  Zealot x3  
  149  8:38  Zealot x3  
  155  8:48  Stalker  
  155  8:49  Stalker  
  159  8:59  Zealot, Sentry  
  159  9:00  Zealot  
  165  9:07  Pylon  
  165  9:09  Pylon x2  
  165  9:23  Nexus  
  165  9:24  Pylon  
  165  9:25  Phoenix (Chrono Boost)  
  167  9:34  Zealot  
  167  9:35  Zealot x3  
  150  9:48  Phoenix  
  150  9:50  Disruptor  
  140  10:01  Stargate  
  140  10:03  Probe (Chrono Boost)  
  140  10:04  Fleet Beacon  
  146  10:08  Probe x2 (Chrono Boost)  
  146  10:13  Phoenix  
  148  10:16  Probe  
  148  10:17  Stargate  
  148  10:18  Shield Battery, Probe x2  
  148  10:21  Shield Battery  
  151  10:22  Pylon  
  151  10:25  Disruptor (Chrono Boost)  
  151  10:28  Probe  
  155  10:30  Probe  
  156  10:37  Assimilator  
  156  10:40  Assimilator  
  156  10:44  Carrier (Chrono Boost)  
  168  10:54  Carrier (Chrono Boost)  
  168  10:58  Disruptor (Chrono Boost)  
  177  11:04  Zealot x2  
  177  11:09  Carrier (Chrono Boost)  
  171  11:13  Zealot x3  
  171  11:14  Zealot  
  167  11:32  Probe x3  
  170  11:33  Probe  
  170  11:35  Disruptor  
  180  11:40  Carrier (Chrono Boost)  
  180  11:44  Probe x3  
  189  11:48  Observer  
  189  11:51  Carrier (Chrono Boost)  
  189  11:53  Stalker  
  189  11:57  Anion Pulse-Crystals  
  189  12:04  Protoss Air Weapons Level 2 (Chrono Boost)  
  189  12:06  Stalker x2  
  193  12:12  Disruptor, Probe  
  170  12:32  Zealot x5  
  165  12:43  Carrier (Chrono Boost)  
  167  12:44  Nexus  
  167  12:48  Disruptor  
  170  13:02  Probe  
  170  13:03  Carrier (Chrono Boost)  
  170  13:04  Probe  
  176  13:19  Carrier (Chrono Boost)  
  180  13:24  Disruptor (Chrono Boost)  
  184  13:34  Probe x2  
  184  13:35  Observer, Probe  
  186  13:42  Pylon  
  186  13:46  Templar Archives  
  186  13:47  Carrier (Chrono Boost)  
  192  13:50  Stalker, Sentry  
  192  13:55  Observer (Chrono Boost)  
  197  14:01  Assimilator  
  197  14:06  Observer  
  197  14:12  Observer (Chrono Boost)  
  198  14:17  Forge  
  198  14:26  Psionic Storm  
  198  14:28  Warp Prism (Chrono Boost)  
  200  14:44  Protoss Air Weapons Level 3 (Chrono Boost)  
  200  14:46  Nexus  
  200  14:48  Pylon  
  193  14:58  Carrier, Observer  
  193  14:59  Phoenix x2  
  191  15:10  Blink (Chrono Boost)  
  191  15:11  Stalker x2  
  191  15:12  Stalker  
  191  15:13  Protoss Ground Weapons Level 1  
  197  15:18  Observer  
  198  15:24  Phoenix  
  198  15:37  Pylon  
  198  15:39  Observer, Shield Battery  
  198  15:40  Shield Battery  
  198  15:42  Photon Cannon  
  190  15:51  Phoenix x2  
  194  15:57  Stalker x3  
  194  15:59  Observer  
  200  16:07  Assimilator x2, Photon Cannon  
  200  16:14  Photon Cannon  
  200  16:31  Zealot  
  200  16:32  Zealot x3  
  189  16:41  Zealot x4  
  184  17:02  Phoenix x2  
  184  17:17  Phoenix  
  186  17:27  Phoenix  
  186  17:29  Zealot  
  190  17:30  Zealot x2  
  190  17:31  Observer (Chrono Boost)  
  190  17:32  Stalker, Zealot x2  
  196  17:44  Observer (Chrono Boost)  
  190  17:45  Phoenix x2  
  195  17:52  Phoenix  
  189  18:10  Phoenix (Chrono Boost)  
  189  18:11  Phoenix (Chrono Boost)  
  165  18:13  Observer  
  165  18:14  Observer  
  165  18:17  Phoenix (Chrono Boost)  
  159  18:23  Observer  
  158  18:32  Phoenix (Chrono Boost)  
  151  18:40  Zealot x2  
  151  18:41  Stalker, Phoenix x2 (Chrono Boost)  
  157  18:44  Observer  
  162  18:50  Phoenix  
  164  18:56  Stalker x5  
  174  19:09  Stalker x3  
  136  19:25  Disruptor (Chrono Boost)  
  127  19:31  Zealot x3  
  127  19:32  Zealot x5  
  120  19:48  Phoenix  
  114  19:53  Zealot x3  
  114  19:54  Zealot x5  
  122  20:05  Phoenix x2  
  124  20:15  Phoenix  
  90  20:29  Zealot x4  
  90  20:30  Zealot x4  
Show
View Real Time Build Order
Export as new Build Order

MarineLorD Terran - Winner!

Build Orders: Gas First Reaper Expand 

Get SALT Encoding   

  12  0:00  SCV  
  13  0:12  SCV  
  14  0:17  Supply Depot  
  14  0:24  SCV  
  15  0:29  Refinery  
  15  0:38  SCV  
  16  0:44  Barracks  
  16  0:50  SCV  
  17  1:02  SCV  
  18  1:14  SCV  
  19  1:31  Orbital Command  
  19  1:32  Reaper  
  20  1:43  Command Center  
  20  1:56  Factory  
  20  1:58  SCV  
  21  2:06  Barracks Reactor  
  21  2:08  Supply Depot  
  21  2:12  SCV  
  22  2:24  SCV  
  23  2:38  SCV, Command Center  
  24  2:48  Hellion  
  24  2:50  Hellion  
  28  2:51  SCV  
  28  2:58  Orbital Command  
  29  3:03  SCV  
  30  3:15  Marine x2  
  30  3:16  SCV  
  30  3:19  Refinery, Factory Tech Lab  
  33  3:24  SCV  
  34  3:28  SCV  
  34  3:31  Barracks  
  37  3:37  SCV  
  37  3:39  Cyclone  
  37  3:40  SCV  
  40  3:44  Marine x2  
  42  3:49  SCV  
  42  3:52  SCV  
  42  3:55  Orbital Command  
  44  4:01  SCV  
  44  4:02  Barracks  
  45  4:04  Marine  
  45  4:05  SCV, Marine  
  48  4:11  Cyclone  
  48  4:13  SCV  
  52  4:17  SCV  
  52  4:19  Barracks Tech Lab  
  52  4:21  SCV  
  52  4:23  Supply Depot, Marine  
  54  4:25  Marine  
  54  4:28  SCV  
  54  4:29  SCV  
  57  4:33  SCV, Supply Depot  
  57  4:37  Supply Depot  
  58  4:39  Marine, Stimpack  
  58  4:41  SCV  
  61  4:45  SCV x2  
  61  4:51  Marine x2  
  62  4:58  SCV  
  62  5:01  Supply Depot  
  62  5:04  Marine  
  62  5:05  Combat Shield, Marine  
  64  5:08  Factory Reactor  
  64  5:10  SCV x2  
  64  5:11  Starport, SCV, Refinery  
  64  5:13  Refinery  
  65  5:22  Marine x3, SCV x2  
  65  5:23  SCV  
  71  5:30  Engineering Bay x2  
  71  5:34  SCV x2  
  71  5:35  SCV  
  74  5:36  Marauder  
  74  5:40  Marine x2, Marauder  
  79  5:46  SCV x2  
  79  5:47  SCV  
  79  5:53  Supply Depot  
  79  5:54  Supply Depot  
  79  5:58  SCV x2  
  79  6:01  Terran Infantry Armor Level 1, Terran Infantry Weapons Level 1  
  79  6:02  Factory Reactor  
  79  6:03  Marauder x2, Marine  
  86  6:04  Marine  
  86  6:09  SCV  
  86  6:10  SCV  
  89  6:12  Missile Turret  
  89  6:16  Medivac  
  89  6:17  Medivac  
  92  6:19  Orbital Command  
  92  6:21  Concussive Shells, SCV  
  92  6:23  SCV  
  94  6:26  Missile Turret, Supply Depot, Marine x2  
  94  6:27  Marine  
  94  6:28  Marine  
  98  6:33  SCV  
  98  6:39  SCV  
  100  6:43  Widow Mine x2  
  100  6:46  Supply Depot  
  104  6:47  SCV x2, Supply Depot  
  104  6:49  Supply Depot  
  104  6:51  SCV, Medivac x2  
  111  6:56  Missile Turret  
  111  6:59  SCV x2  
  113  7:03  Marauder, Marine, SCV  
  113  7:07  Marine x2  
  119  7:11  SCV  
  119  7:14  Barracks  
  120  7:16  Barracks  
  124  7:24  Marauder  
  124  7:26  Marauder  
  124  7:27  Viking x2  
  124  7:28  SCV  
  129  7:32  Armory, SCV x2, Marine  
  129  7:36  Refinery  
  132  7:37  Refinery  
  132  7:38  Supply Depot  
  132  7:39  Supply Depot  
  123  7:53  Widow Mine x2  
  123  7:54  Marauder x2, Marine x2  
  123  7:56  SCV x2  
  123  7:57  SCV  
  136  8:05  Medivac x2  
  140  8:09  Barracks Tech Lab, Barracks Reactor  
  140  8:11  Command Center  
  140  8:15  Marauder  
  142  8:20  Marine x2  
  142  8:21  Marauder  
  142  8:23  Terran Infantry Weapons Level 2, Terran Infantry Armor Level 2  
  142  8:24  Terran Ship Weapons Level 1  
  146  8:28  Marauder  
  148  8:35  SCV x2  
  148  8:36  SCV, Marine  
  148  8:38  Marine  
  148  8:40  Sensor Tower  
  153  8:42  Marauder  
  153  8:47  Marine x3  
  150  8:50  Marauder  
  150  8:54  Marauder  
  154  8:56  Marine  
  154  8:58  SCV x2  
  157  9:07  Marauder, Supply Depot, SCV  
  157  9:08  Supply Depot x2  
  160  9:11  Marine x2  
  160  9:13  Marine, Marauder  
  160  9:14  Marine  
  160  9:15  Ghost Academy  
  164  9:20  Viking  
  164  9:22  Viking  
  164  9:23  Planetary Fortress  
  166  9:25  Marauder  
  166  9:28  Marine  
  169  9:37  Marine x2  
  169  9:38  Marauder  
  171  9:39  SCV  
  171  9:45  Marine x2  
  172  9:50  Viking  
  84  9:52  Viking  
  166  9:55  Marine x2  
  166  9:58  Starport  
  165  10:00  Missile Turret  
  165  10:02  Ghost x3  
  165  10:03  Enhanced Shockwaves  
  166  10:17  Refinery  
  166  10:18  Refinery  
  166  10:19  Command Center  
  166  10:20  Medivac  
  168  10:22  Marine x4, Medivac  
  174  10:28  SCV x3  
  174  10:29  Missile Turret  
  174  10:35  Viking x2  
  181  10:40  SCV  
  182  10:43  Terran Infantry Weapons Level 3  
  182  10:47  Terran Ship Weapons Level 2  
  182  10:48  Marine x2  
  182  10:49  Marauder, Marine x2  
  188  10:50  Viking  
  188  10:52  Viking  
  188  10:53  Command Center  
  188  10:55  Barracks  
  188  10:56  Barracks  
  191  10:57  Barracks  
  191  10:58  Marine  
  192  11:04  Marauder  
  192  11:06  Marine  
  192  11:09  Marine x2  
  192  11:10  Marauder  
  196  11:28  Viking x4  
  196  11:30  Terran Infantry Armor Level 3  
  197  11:37  Command Center  
  197  11:38  Command Center  
  197  11:58  Viking  
  199  12:18  Marine  
  199  12:21  Marine  
  199  12:22  Marauder  
  189  12:26  Marine x3, Marauder  
  189  12:27  Viking x4  
  173  12:35  Marine  
  155  12:39  Marine  
  155  12:42  Planetary Fortress  
  155  12:43  Marauder, Marine  
  155  12:44  Marine, Marauder  
  153  12:47  Marauder  
  153  12:48  Starport x2  
  153  12:50  Orbital Command x2  
  157  12:53  Marine  
  157  12:57  Medivac x2, Viking  
  164  13:00  Barracks Tech Lab  
  164  13:01  Barracks Tech Lab, Barracks Reactor  
  164  13:03  Terran Vehicle And Ship Armor Level 1, Marine x3, Ghost  
  164  13:04  Missile Turret x2  
  164  13:05  Ghost  
  171  13:07  Orbital Command  
  171  13:08  Ghost  
  171  13:10  SCV x3  
  172  13:19  Ghost x2  
  172  13:22  SCV x2  
  172  13:23  Personal Cloaking  
  178  13:32  Viking x3, Ghost  
  186  13:34  Starport Reactor x2  
  186  13:44  Refinery x2  
  186  13:46  Ghost x2  
  190  13:57  Viking  
  190  14:02  Viking x3  
  197  14:10  Viking  
  197  14:13  Armory, Neosteel Armor  
  199  14:21  Hi-Sec Auto Tracking  
  199  14:33  Command Center  
  199  14:34  Sensor Tower  
  199  14:48  Nuke  
  199  14:57  Terran Ship Weapons Level 3  
  187  15:07  Viking x3  
  187  15:08  Viking x3  
  199  15:17  Terran Vehicle And Ship Armor Level 2  
  199  15:24  Fusion Core  
  199  15:26  Starport  
  199  15:28  Starport x2  
  199  15:40  Command Center  
  193  15:46  Command Center  
  193  15:48  Viking x3  
  193  15:49  Viking x5  
  199  16:05  Starport Tech Lab x3, Ghost Academy  
  199  16:06  Ghost Academy  
  199  16:08  Ghost Academy  
  199  16:12  Nuke  
  194  16:46  Nuke x3  
  189  16:48  Ghost Academy  
  179  17:05  Battlecruiser x3  
  179  17:06  Viking x3  
  182  17:13  Viking x2  
  182  17:16  Viking  
  184  17:23  Viking x2  
  184  17:27  Orbital Command  
  168  17:45  Orbital Command  
  168  17:48  Orbital Command  
  162  18:09  Battlecruiser  
  162  18:10  Marauder x5, Marine x4  
  162  18:11  Marine  
  143  18:13  Viking x4  
  141  18:21  Viking x2  
  139  18:31  Marauder  
  139  18:39  Marine x2, Marauder x2  
  157  18:44  Marine x3, Marauder  
  157  18:46  Marine  
  157  18:47  Marauder  
  163  18:52  Marine, Viking x3  
  170  18:57  Marine  
  170  18:59  Refinery  
  170  19:00  Refinery  
  170  19:01  Command Center  
  171  19:03  Marine x3, Marauder  
  171  19:06  Marine, Marauder  
  154  19:25  Marine  
  154  19:26  Marauder, Marine x3  
  154  19:27  Marauder  
  154  19:28  Marine  
  154  19:29  Marauder x2  
  154  19:30  Marine, Marauder  
  162  19:33  Medivac x2  
  162  19:34  Medivac x2  
  170  19:43  Marine  
  170  19:44  Marine  
  155  19:46  Marine x3  
  155  19:47  Marauder  
  155  19:48  Marine, Marauder  
  155  19:50  Marauder  
  155  19:51  Marauder  
  155  19:52  Marauder  
  165  20:01  Marine  
  165  20:02  Marine  
  165  20:04  Marine x3  
  165  20:05  Viking x2  
  165  20:06  Marine, Viking x2  
  179  20:09  Marauder x2  
  179  20:11  Marauder  
  179  20:12  Marauder, Marine  
  184  20:19  Marine x2  
  171  20:21  Marine  
  171  20:22  Marine x2  
  171  20:24  Marine  
Tags
 
Add a new tag
Caveats
  • Supply blocks, unpowered buildings, or Contaminate may cause inaccurate times.
  • Supply counts are checked every 10 seconds.